 Dungeon Crawl Stone Soup version 0.29.0-11-gd7f09526c8 (webtiles) character file.

Game seed: 6705606001022056114

213 freelancePsychic the Trooper (level 5, -2/53 HPs)
             Began as an Ogre Enchanter on Sept 2, 2022.
             Was an Initiate of Vehumet.
             Slain by a gnoll
             ... wielding a +0 halberd
             ... led by a gnoll bouda
              (10 damage)
             ... on level 4 of the Dungeon.
             The game lasted 00:06:31 (3266 turns).

freelancePsychic the Trooper (Ogre Enchanter)       Turns: 3266, Time: 00:06:32

Health: -2/53      AC:  3    Str: 12    XL:     5   Next: 90%
Magic:  9/9        EV:  9    Int: 24    God:    Vehumet [......]
Gold:   282        SH:  0    Dex:  9    Spells: 7/10 levels left

rFire   . . .      SeeInvis +   a - +2 short sword (drain)
rCold   . . .      Faith    .   (no shield)
rNeg    . . .      Spirit   .   b - +0 robe
rPois   .          Reflect  .   (helmet restricted)
rElec   .          Harm     .   (no cloak)
rCorr   .          Rampage  .   (gloves unavailable)
Will    .....                   (boots unavailable)
Stlth   ++........              (no amulet)
HPRegen 0.17/turn               u - +6 ring of intelligence
MPRegen 0.11/turn               k - ring of see invisible

@: no status effects
A: large, unfitting armour, tough skin 1
a: Renounce Religion


You were on level 4 of the Dungeon.
You worshipped Vehumet.
Vehumet was noncommittal.
You visited 1 branch of the dungeon, and saw 4 of its levels.

You collected 282 gold pieces.

Inventory:

Hand Weapons
 a - a +2 short sword of draining (weapon)
 h - a +0 sling
Armour
 b - a +0 robe (worn)
Magical Staves
 d - a staff of air
Jewellery
 k - a ring of see invisible (right hand)
 q - a ring of ice
 u - a +6 ring of intelligence (left hand)
Scrolls
 j - a scroll of enchant armour
 l - a scroll of brand weapon {unknown}
 n - a scroll of noise {unknown}
 o - a scroll of immolation
 p - a scroll of teleportation {unknown}
 t - a scroll of enchant weapon {unknown}
Potions
 c - 2 potions of invisibility
 f - a potion of haste {@q3}
 m - a potion of cancellation


   Skills:
 + Level 3.5 Fighting
 * Level 3.4 Short Blades
 - Level 1.7 Dodging
 - Level 2.1 Stealth
 + Level 3.2 Spellcasting
 - Level 3.3 Hexes


You had 7 spell levels left.
You knew the following spells:

 Your Spells              Type           Power      Damage    Failure   Level
a - Confusing Touch       Hex            19%        N/A       9%          3

Your spell library contained the following spells:

 Spells                   Type           Power      Damage    Failure   Level
 Ensorcelled Hibernation  Hex/Ice        22%        N/A       9%          2
 Tukima's Dance           Hex            19%        N/A       9%          3
 Apportation              Tloc           6%         N/A       11%         1
 Necrotise                Necr           12%        1d4       11%         1
 Summon Small Mammal      Summ           12%        N/A       11%         1
 Dazzling Flash           Conj/Hex       22%        N/A       16%         3


Dungeon Overview and Level Annotations

Branches:
Dungeon (4/15)
 Temple: D:4-7

Altars:
Vehumet

Annotations:
D:3 Sigmund
D:4 Menkaure


Innate Abilities, Weirdness & Mutations

You are too large for most types of armour.
You have tough skin. (AC +1)


Message History

Your adder poisons the gnoll bouda!
The gnoll bouda barely misses your adder.
Your adder barely misses the gnoll bouda.
The gnoll bouda barks out a call to the hunt!
The gnoll picks up the pace!
The orc hits you with a +0 club.
Your adder misses the gnoll bouda. You hit the orc. You drain the orc.
Your attack snaps the orc out of its fear.
The orc is severely wounded.
The orc barely misses you.
Your adder bites the gnoll bouda.
The gnoll bouda gazes fiercely through you!
You feel your attacks grow feeble.
The gnoll bouda hits your adder with a +0 club.
You barely miss the orc.
The orc is severely wounded.
Your kobold hits the gnoll with a +0 dagger.
Your adder bites the gnoll bouda.
The gnoll bouda looks even sicker.
Your adder poisons the gnoll bouda!
The gnoll closely misses your kobold. The orc hits you with a +0 club.
* * * LOW HITPOINT WARNING * * *
The gnoll bouda barely misses your adder.
As you read the scroll of fear, it crumbles to dust.
You assume a fearsome visage.
The orc looks frightened! x2
The gnoll bouda looks frightened!
The gnoll looks frightened!
Your adder barely misses the gnoll bouda.
Your kobold hits the gnoll with a +0 dagger.
Your kobold's attack snaps the gnoll out of its fear.
The gnoll barely misses your kobold.
Your dart slug barely misses the gnoll.
Found a stone staircase leading down.
Your dart slug launches a dart at the orc.
The slug dart hits the orc but does no damage.
Your dart slug's attack snaps the orc out of its fear.
Your attacks no longer feel as feeble.
The gnoll hits you from afar with a +0 halberd!
* * * LOW HITPOINT WARNING * * *
You feel better.
The orc throws a stone.
The stone hits you.
* * * LOW HITPOINT WARNING * * *
The gnoll hits you from afar with a +0 halberd!
You die...

##.## ###.†)# .
#.##.## ...
##...w)#..Sg.
#...wS..K....
##..K###.....
#..g.##.....
##.#.....#.....
#.....@........
......#..#......
###......##..o.
##...... ....
....##.. ...
....# (.....
.... ..>.# ....
...# o#.. .....
....# .....
.....


You could see a gnoll (swift), 2 orcs, a friendly adder (summoned), 2 friendly
dart slugs and a friendly kobold (summoned).

Vanquished Creatures
  A scorpion (D:4)
  A hound (D:4)
  An iguana (D:4)
  3 adders
  A gnoll (D:3)
  A dart slug (D:4)
  2 orcs
  2 ball pythons
  4 endoplasms
  2 giant cockroaches (D:2)
  4 goblins
  4 hobgoblins
  4 quokkas
  6 bats
  4 frilled lizards
  4 kobolds
  4 rats
48 creatures vanquished.

Vanquished Creatures (collateral kills)
  A gnoll (D:4)
1 creature vanquished.

Grand Total: 49 creatures vanquished

Notes
Turn   | Place    | Note
-------+----------+-------------------------------------------
     0 | D:1      | freelancePsychic the Ogre Enchanter began the quest for the
                  | Orb.
     0 | D:1      | Reached XP level 1. HP: 16/16 MP: 3/3
   146 | D:1      | Reached skill level 1 in Fighting
   540 | D:1      | Reached XP level 2. HP: 22/27 MP: 5/5
   542 | D:1      | Reached skill level 1 in Short Blades
  1086 | D:2      | Reached XP level 3. HP: 33/35 MP: 6/6
  1163 | D:2      | Learned a level 3 spell: Confusing Touch
  1212 | D:2      | Found a faded altar of an unknown god.
  2194 | D:3      | Reached XP level 4. HP: 33/42 MP: 7/7
  2265 | D:3      | Noticed Sigmund
  2270 | D:3      | Found a radiant altar of Vehumet.
  2276 | D:3      | Became a worshipper of Vehumet
  2725 | D:4      | Noticed a scorpion
  2794 | D:4      | Noticed Menkaure
  3018 | D:4      | Killed a scorpion
  3019 | D:4      | Reached XP level 5. HP: 53/53 MP: 7/9
  3265 | D:4      | HP: 1/53 [gnoll/+0 halberd[a gnoll bouda] (14)]
  3266 | D:4      | Slain by a gnoll

Illustrated notes

Levels and vault maps discovered:
D:1:      psy_arrival_radial01, layout_rooms, chequers_serial_rivers_micro_d,
          minmay_pentomino_o4
D:2:      layout_loops_ring, hellmonk_ecumenical_altar_blasted
D:3:      layout_basic, nicolae_vehumet_altar_sigil, minmay_misc_feat_plants,
          uniq_sigmund
D:4:      layout_cave_pools, kennysheep_slug_shrine,
          minmay_temple_entry_crystal_x, uniq_menkaure

Skill      XL: |  1  2  3  4  5 |
---------------+----------------+-----
Fighting       | 1 2 3 |  3.5
Short Blades   | 1 2 3 |  3.4
Hexes          | 3 |  3.3
Spellcasting   | 3 |  3.2
Dodging        | |  1.7
Stealth        | |  2.1

Action                   |  1- 3 |  4- 6 || total
-------------------------+-------+-------++-------
Melee: Dagger            |    24 |       ||    24
       Short sword       |    80 |    42 ||   122
 Fire: Sling             |     3 |       ||     3
Throw: Dart              |       |     6 ||     6
  Use: Scroll            |     4 |     5 ||     9
       Potion            |       |     1 ||     1
 Stab: Sleeping          |     8 |     2 ||    10
Armor: Robe              |    39 |    11 ||    50
Dodge: Dodged            |    56 |    21 ||    77
